 Dungeon Crawl Stone Soup version 0.28.0-53-g5a82cb258f (webtiles) character file.

Game seed: 2000158087201989318

6670 unlimited1921 the Thaumaturge (level 11, -16/68 HPs)
             Began as a Djinni Fire Elementalist on July 21, 2022.
             Was an Initiate of Gozag.
             Demolished by a troll (27 damage)
             ... on level 9 of the Dungeon.
             The game lasted 01:04:10 (16395 turns).

unlimited1921 the Thaumaturge (DjFE)               Turns: 16395, Time: 01:04:11

Health: -16/68     AC:  6    Str:  9    XL:     11   Next: 23%
Gold:   1147       EV: 28    Int: 20    God:    Gozag SH:  0 Dex: 15

rFire   + + +      SeeInvis +   H - +10 hand axe "Pizihuc" {flame, rElec rF+ Str+2}
rCold   x . .      Faith    .   M - orb {mayhem}
rNeg    . . .      Spirit   .   L - +1 leather armour of Zoulec {Harm Regen+}
rPois   ∞          Reflect  .   B - +1 hat
rElec   +          Harm     +   (no cloak)
rCorr   .          Rampage  .   c - +0 pair of gloves
Will    +....                   (boots unavailable)
Stlth   +++.......              n - amulet of the acrobat
HPRegen 1.01/turn               t - ring of see invisible
MPRegen 0.00/turn               (no ring)

@: gold aura, acrobatic, flying
A: sickness immunity, fire resistance 2, cold vulnerability 1, float, innate
caster, HP casting, extra vitality 1
a: Renounce Religion, Potion Petition, Call Merchant, Bribe Branch


You were on level 9 of the Dungeon.
You worshipped Gozag.
Gozag was most pleased with you.
You visited 1 branch of the dungeon, and saw 9 of its levels.

You collected 1631 gold pieces.
You spent 430 gold pieces at shops.
You paid 54 gold pieces to Gozag.

Inventory:

Hand Weapons
 a - a +2 vorpal flail
 o - a +0 vampiric short sword
 x - a +2 dagger of distortion
 H - the +10 hand axe "Pizihuc" (weapon) {flame, rElec rF+ Str+2}
   (You found it on level 6 of the Dungeon)

   It burns those it strikes, dealing additional fire damage.
   Big, fiery blades are also staple armaments of hydra-hunters.
   Str:       It affects your strength (+2).
   rF:        It protects you from fire.
   rElec:     It insulates you from electricity.
Missiles
 b - 112 bolts
 d - 366 stones
 i - 2 boomerangs
 m - 48 poisoned darts (quivered)
 y - 3 curare-tipped darts
 O - 3 atropa-tipped darts
Armour
 c - a +0 pair of gloves (worn)
 k - a +0 buckler
 p - a +2 cloak
 s - a +0 helmet
 B - a +1 hat (worn)
 L - the +1 leather armour of Zoulec (worn) {Harm Regen+}
   (You found it on level 7 of the Dungeon)

   Regen:     It increases your rate of health regeneration.
   Harm:      It increases damage dealt and taken.
 M - an orb of mayhem (worn)
Jewellery
 f - a ring of protection from cold
 n - an amulet of the acrobat (around neck)
 t - a ring of see invisible (left hand)
 G - a ring of resist corrosion
 I - an amulet of reflection
Wands
 z - a wand of iceblast (4)
 A - a wand of polymorph (6)
 C - a wand of flame (13)
 J - a wand of paralysis (8)
 K - a wand of charming (13)
Scrolls
 e - 2 scrolls of fog
 g - a scroll of fear
 h - a scroll of enchant weapon
 l - a scroll of magic mapping
 q - a scroll of identify
 v - 2 scrolls of immolation
 E - 2 scrolls of teleportation
Potions
 j - a potion of haste {unknown}
 r - 2 potions of curing
 u - a potion of resistance
 w - a potion of mutation {unknown}
 D - a potion of lignification
 F - a potion of might {unknown}
 N - 3 potions of brilliance


   Skills:
 + Level 2.0 Fighting
 + Level 3.6 Axes
 + Level 0.6 Throwing
 + Level 3.8 Armour
 + Level 4.5 Dodging
 + Level 4.7 Stealth
 + Level 0.7 Shields
 + Level 10.9 Spellcasting
 + Level 0.1 Evocations


You had 3 spell levels left.
You knew the following spells:

 Your Spells              Type           Power      Damage    Failure   Level
a - Foxfire               Conj/Fire      100%       2x1d9     1%          1
b - Scorch                Fire           100%       2d10      1%          2
c - Conjure Flame         Conj/Fire      53%        6-21      1%          3
d - Inner Flame           Hex/Fire       53%        N/A       1%          3
e - Flame Wave            Conj/Fire      53%        2d11      1%          4
f - Beastly Appendage     Tmut           100%       N/A       1%          1
g - Call Imp              Summ           53%        N/A       1%          2
h - Dazzling Flash        Conj/Hex       100%       N/A       1%          3
i - Iskenderun's Mystic   Conj/Tloc      53%        2d11      1%          4
j - Metabolic Englaciati  Hex/Ice        26%        N/A       2%          5
Your spell library was empty.

Dungeon Overview and Level Annotations

Branches:
Dungeon (9/15)             Temple (0/1) D:6            Lair (0/6) D:9
    Orc: D:9-12

Altars:
Cheibriados
Elyvilon
Fedhas
Gozag
Okawaru
Qazlal
Ru
Uskayaw
Xom
Yredelemnul

Shops:
D:6 ?   D:8 ?=


Innate Abilities, Weirdness & Mutations

You are immune to sickness and miasma.
You are immune to poison.
Your flesh is very heat resistant. (rF++)
You are vulnerable to cold. (rC-)
You float through the air rather than walking.
You learn spells naturally, not from books.
Your magical power is your life essence.
You have superior vitality. (+4 MHP)


Message History

There is an open door here.
You see here Suc Juel's Incunabulum of Nature.
Suc Juel's Incunabulum of Nature burns to shimmering ash in your grasp.
There is an open door here.
Found an Everburning Encyclopedia.
You see here an Everburning Encyclopedia.
The Everburning Encyclopedia burns to shimmering ash in your grasp.
Found a trident.
A hound comes into view.
A troll comes into view.
You completely miss the hound. The hound bites you but does no damage.
You hit the hound. You burn the hound.
The hound is moderately wounded.
The hound bites you but does no damage. The hound misses you.
You slash the hound! You burn the hound.
The hound is almost dead.
The hound bites you.
You closely miss the hound.
The hound is almost dead.
The hound bites you. The hound barely misses you.
You barely miss the hound.
The hound is almost dead.
The hound bites you but does no damage. x2
You barely miss the hound.
The hound is almost dead.
The hound bites you but does no damage.
You miss the hound.
The hound is almost dead.
The hound closely misses you. The hound bites you.
You hit the hound. You burn the hound.
You kill the hound!
The troll flies into a frenzy!
The troll bites you. The troll closely misses you. The troll claws you!!
You closely miss the troll. The troll bites you! The troll barely misses you.
The troll claws you!
* * * LOW HITPOINT WARNING * * *
You are too injured to fight recklessly!
The troll bites you!!
You die...
Your body crumbles into a pile of gold.

#....≈≈.≈.>.≈≈≈≈≈≈........
#....≈≈≈....≈≈≈≈≈≈........
#
#...≈≈≈≈.≈.≈.≈≈≈≈≈........
#
##.....≈≈≈≈≈≈≈≈≈≈≈≈........
#
#......≈≈≈≈≈≈≈≈≈...........
#
####.≈≈≈.≈.≈≈≈≈≈.≈.....).).
# #)...≈.≈≈≈≈≈≈≈......)...
# #....≈.≈.≈..≈..........#
#.....T@.≈......#..#####
#....$..........######..
###.#####..###### ##....
...... .## ###...).
#........ # ###...##.. #
#........ ###....##... #
#........ ####....####...
## ##.. ....##.....### #...
.#######.... ###......##
#...


You could see a neutral troll (fast, strong, insane).

Vanquished Creatures
  Harold (D:9)
  Maurice (D:9)
  Joseph (D:7)
  A troll (D:9)
  Prince Ribbit (D:8)
  2 hornets
  Sigmund (D:2)
  2 wyverns
  A wraith (D:9)
  A steam dragon (D:8)
  3 water moccasins
  A hornet zombie (D:4)
  2 black bears
  3 sky beasts
  3 ice beasts
  3 ogres
  A wolf (D:9)
  A centaur (D:8)
  A phantom (D:6)
  5 kobold brigands
  A bullfrog (D:8)
  4 scorpions
  2 water moccasin zombies (D:5)
  A water moccasin skeleton (D:6)
  An oklob sapling (D:9)
  The ghost of Selrock the Magician, a weakling DjCj (D:3)
  3 electric eels
  3 howler monkeys (D:7)
  A bullfrog zombie (D:6)
  4 centaur zombies
  5 hounds
  2 jellies
  3 orc priests (D:5)
  A bullfrog skeleton (D:7)
  A centaur skeleton (D:6)
  3 iguanas
  7 orc wizards
  Robin (D:2)
  3 adders
  2 ufetubi
  A worm (D:2)
  4 dart slugs
  26 orcs
  5 bats
  4 endoplasms
  5 giant cockroaches
  7 goblins (D:2)
  6 hobgoblins
  11 jackals
  19 kobolds
  10 quokkas
  7 ball pythons
  A frilled lizard (D:2)
  A quokka skeleton (D:4)
  8 rats
  A plant (D:9)
200 creatures vanquished.

Vanquished Creatures (collateral kills)
  A centaur (D:6)
  An oklob sapling (D:9)
  2 adders
  An orc (D:8)
  3 ball pythons (D:9)
  A hobgoblin (D:2)
  A jackal (D:2)
  4 kobolds
  3 foxfires (D:8)
17 creatures vanquished.

Vanquished Creatures (others)
  A hound (D:9)
  2 adders (D:9)
  A kobold (D:8)
  591 foxfires
  7 plants (D:9)
602 creatures vanquished.

Grand Total: 819 creatures vanquished

Notes
Turn   | Place    | Note
-------+----------+-------------------------------------------
     0 | D:1      | unlimited1921 the Djinni Fire Elementalist began the quest
                  | for the Orb.
     0 | D:1      | Reached XP level 1. HP: 15/15 MP: 0/0
   367 | D:1      | Reached XP level 2. HP: 18/21 MP: 0/0
  1100 | D:1      | Reached skill level 3 in Spellcasting
  1178 | D:1      | Reached XP level 3. HP: 23/25 MP: 0/0
  1178 | D:1      | Learned a level 1 spell: Beastly Appendage
  1502 | D:1      | Found a faded altar of an unknown god.
  2986 | D:2      | You are sucked into a shaft and drop 1 floor!
  3406 | D:3      | Found a hide-covered altar of Uskayaw.
  3414 | D:3      | Reached XP level 4. HP: 28/31 MP: 0/0
  4166 | D:3      | Found a stormy altar of Qazlal.
  4677 | D:3      | Found a runed translucent gate.
  4680 | D:3      | Found a runed translucent gate.
  4680 | D:3      | Noticed Selrock's ghost (weakling DjCj)
  4680 | D:3      | Noticed a kobold brigand
  4682 | D:3      | Found a runed translucent gate.
  4818 | D:3      | Found an opulent altar of Gozag.
  4838 | D:3      | Reached XP level 5. HP: 26/35 MP: 0/0
  4838 | D:3      | Learned a level 2 spell: Call Imp
  4840 | D:3      | Reached skill level 4 in Spellcasting
  5010 | D:3      | Became a worshipper of Gozag Ym Sagoz the Greedy
  5945 | D:2      | Noticed Sigmund
  5952 | D:2      | Killed Sigmund
  5953 | D:2      | Reached XP level 6. HP: 21/40 MP: 0/0
  5957 | D:2      | Noticed Robin
  5960 | D:2      | Killed Robin
  7288 | D:4      | Reached skill level 5 in Spellcasting
  7378 | D:4      | Reached XP level 7. HP: 34/45 MP: 0/0
  7378 | D:4      | Learned a level 3 spell: Dazzling Flash
  8484 | D:4      | Reached skill level 6 in Spellcasting
  8942 | D:4      | Found a blossoming altar of Fedhas.
  9083 | D:5      | Entered Level 5 of the Dungeon
  9172 | D:5      | Found a shimmering altar of Xom.
  9188 | D:5      | Reached skill level 1 in Armour
  9188 | D:5      | Reached XP level 8. HP: 32/50 MP: 0/0
  9344 | D:5      | Found a basalt altar of Yredelemnul.
 11026 | D:3      | Killed Selrock's ghost
 11032 | D:3      | Reached skill level 7 in Spellcasting
 11605 | D:6      | Found a snail-covered altar of Cheibriados.
 11630 | D:6      | Reached XP level 9. HP: 46/55 MP: 0/0
 11630 | D:6      | Learned a level 4 spell: Iskenderun's Mystic Blast
 11719 | D:6      | Found Hiptem's Magic Scroll Boutique.
 11727 | D:6      | Bought a scroll of teleportation for 39 gold pieces
 11727 | D:6      | Bought a scroll of identify for 26 gold pieces
 11727 | D:6      | Bought a scroll of identify for 26 gold pieces
 11727 | D:6      | Bought a scroll of identify for 26 gold pieces
 11727 | D:6      | Bought a scroll of identify for 26 gold pieces
 11727 | D:6      | Bought a scroll of identify for 26 gold pieces
 11727 | D:6      | Bought a scroll of enchant armour for 97 gold pieces
 11882 | D:6      | Found a staircase to the Ecumenical Temple.
 11919 | D:6      | Identified the +10 hand axe "Pizihuc" {flame, rElec rF+
                  | Str+2}
 12221 | D:6      | Reached skill level 8 in Spellcasting
 12710 | D:6      | Identified the +1 robe of Desuttiz {Str+2}
 13276 | D:7      | Reached skill level 9 in Spellcasting
 13574 | D:7      | Noticed Joseph
 13594 | D:7      | Killed Joseph
 13595 | D:7      | Reached XP level 10. HP: 11/61 MP: 0/0
 13921 | D:7      | Reached skill level 1 in Axes
 14115 | D:7      | Identified the +1 leather armour of Zoulec {Harm Regen+}
 14464 | D:8      | Found Yqaisoyce's Magic Scroll Boutique.
 14536 | D:8      | Reached skill level 1 in Fighting
 14600 | D:8      | Bought a scroll of identify for 22 gold pieces
 14600 | D:8      | Bought a scroll of identify for 22 gold pieces
 14600 | D:8      | Bought a scroll of enchant armour for 82 gold pieces
 14600 | D:8      | Bought a scroll of immolation for 38 gold pieces
 14768 | D:8      | Found Gichat's Jewellery Shop.
 14841 | D:8      | Found a sacrificial altar of Ru.
 14844 | D:8      | Noticed Prince Ribbit
 14849 | D:8      | Killed Prince Ribbit
 14888 | D:8      | Found a white marble altar of Elyvilon.
 15475 | D:9      | Reached skill level 10 in Spellcasting
 15511 | D:9      | HP: 2/62 [spore (7)]
 15640 | D:9      | Noticed Harold
 15725 | D:9      | Killed Harold
 15756 | D:9      | Noticed Maurice
 15769 | D:9      | Killed Maurice
 15770 | D:9      | Reached XP level 11. HP: 46/68 MP: 0/0
 15770 | D:9      | Learned a level 5 spell: Metabolic Englaciation
 15818 | D:9      | Found an iron altar of Okawaru.
 16107 | D:9      | Found a staircase to the Lair.
 16299 | D:9      | Got Suc Juel's Incunabulum of Nature
 16395 | D:9      | Demolished by a troll

Illustrated notes

Levels and vault maps discovered:
D:1:      evilmike_arrival_crescent, layout_basic,
          ebering_ecumenical_altar_abandoned, minmay_misc_feat_cross,
          lemuel_old_faithful
D:2:      layout_basic, kennysheep_generic_room_12, uniq_robin, uniq_sigmund
D:3:      layout_rooms, lemuel_crystal_altar, nicolae_uskayaw_dance_hall,
          nicolae_gozag_seed_capital, gammafunk_ghost_nasty_kobolds,
          kennysheep_potato
D:4:      layout_basic, lemuel_coloured_pillars_altar, hangedman_decor_riveting
D:5:      layout_cave_pods, mainiacjoe_overflow_alcove_1,
          nicolae_overflow_crystal_walls, minmay_misc_feat_iff
D:6:      layout_basic, kennysheep_little_box, minmay_temple_entry_grid,
          portal_sewer_entry_b, serial_shops, nicolae_shop_crystal
D:7:      layout_rooms, nicolae_elevator_lobby_plus, uniq_joseph
D:8:      layout_rooms, nicolae_elyvilon_temple_path, overflow_temple_1_default,
          serial_shops, shop, nicolae_shop_window_shopping, uniq_prince_ribbit1
D:9:      layout_cave_pods, overflow_temple_1_default, erik_lair_island,
          introduction_to_nature_1, uniq_harold, uniq_maurice

Skill      XL: |  1  2  3  4  5  6  7  8  9 10 11 |
---------------+----------------------------------+-----
Spellcasting   | 3 4 5 6 7 9 10 | 10.9
Stealth        | 2 3 4 |  4.7
Armour         | 1 3 |  3.8
Axes           | 3 |  3.6
Dodging        | 4 |  4.5
Fighting       | 1 2 |  2.0
Throwing       | |  0.6
Shields        | |  0.7
Evocations     | |  0.1

Action                   |  1- 3 |  4- 6 |  7- 9 | 10-12 || total
-------------------------+-------+-------+-------+-------++-------
Melee: Unarmed           |     1 |       |       |       ||     1
       Mace              |       |       |     1 |       ||     1
       Short sword       |       |       |     1 |       ||     1
       Hand axe          |       |       |    10 |    87 ||    97
Throw: Dart              |       |       |       |     9 ||     9
 Cast: Foxfire           |    78 |    74 |   133 |    76 ||   361
       Scorch            |     6 |    16 |    39 |    14 ||    75
       Inner Flame       |       |     5 |    36 |    13 ||    54
       Call Imp          |       |     5 |     7 |     8 ||    20
       Dazzling Flash    |       |       |     3 |     1 ||     4
       Iskenderun's Myst |       |       |     3 |       ||     3
Evoke: Wand              |       |       |       |     1 ||     1
  Use: Scroll            |       |       |     9 |    10 ||    19
 Stab: Sleeping          |       |       |     1 |     4 ||     5
       Invisible         |       |       |       |     1 ||     1
       Distracted        |       |       |       |     2 ||     2
Armor: Robe              |     3 |       |     3 |     4 ||    10
       Leather armour    |       |       |     9 |    19 ||    28
Dodge: Dodged            |     7 |     1 |    44 |    93 ||   145
Block: Buckler           |       |       |     9 |     1 ||    10
       Orb               |       |       |       |     1 ||     1
       Reflection        |       |       |       |     1 ||     1
